 Dungeon Crawl Stone Soup version 0.27-a0-538-g15ff5c5295 (webtiles) character file.

Game seed: 1996448861695972729

320 siradein the Firebug (level 6, -1/28 HPs)
             Began as a Spriggan Fire Elementalist on Mar 6, 2021.
             Slain by a river rat (6 damage)
             ... in a sewer.
             The game lasted 00:09:27 (3306 turns).

siradein the Firebug (Spriggan Fire Elementalist)   Turns: 3306, Time: 00:09:27

Health: -1/28      AC:  2    Str:  4    XL:     6   Next: 22%
Magic:  10/11      EV: 17    Int: 24    God:
Gold:   129        SH:  0    Dex: 16    Spells: 6/10 levels left

rFire    . . .     SeeInvis +   n - +0 scimitar (vorpal)
rCold    + . .     Faith    .   (shield restricted)
rNeg     . . .     Spirit   .   a - +0 robe
rPois    .         Reflect  .   (helmet restricted)
rElec    .         Harm     .   (no cloak)
rCorr    .         Rampage  .   (gloves unavailable)
Will     +....                  (boots unavailable)
Stlth    ++........             (no amulet)
HPRegen  0.09/turn              j - ring of protection from cold
MPRegen  0.12/turn              i - +6 ring of intelligence

@: very quick
A: very small, unfitting armour, see invisible, speed 3
a: no special abilities


You were in a sewer.
You visited 1 branch of the dungeon, and saw 3 of its levels.
You also visited: Sewer.

You collected 129 gold pieces.

Inventory:

Hand Weapons
 n - a +0 vorpal scimitar (weapon)
Armour
 a - a +0 robe (worn)
Jewellery
 i - a +6 ring of intelligence (right hand)
 j - a ring of protection from cold (left hand)
Scrolls
 b - a scroll of amnesia
 g - a scroll of fear {unknown}
 l - a scroll of noise {unknown}
 m - a scroll of fog {unknown}
Potions
 d - 2 potions of curing {unknown}
 f - 2 potions of mutation {unknown}
 k - a potion of attraction {unknown}


   Skills:
 - Level 2.6 Dodging
 - Level 3.0 Stealth
 - Level 2.6 Spellcasting
 - Level 0.6 Conjurations
 + Level 5.8 Fire Magic


You had 6 spell levels left.
You knew the following spells:

 Your Spells              Type           Power      Damage    Failure   Level
a - Foxfire               Conj/Fire      72%        2x1d7     3%          1
b - Conjure Flame         Conj/Fire      18%        6-21      9%          3

Your spell library contained the following spells:

 Spells                   Type           Power      Damage    Failure   Level
 Inner Flame              Hex/Fire       17%        N/A       10%         3
 Sticky Flame             Conj/Fire      18%        2d4       28%         4
 Fireball                 Conj/Fire      9%         3d6       63%         5


Dungeon Overview and Level Annotations

Branches:
Dungeon (3/15)              Sewer (1/1)

Altars:


Innate Abilities, Weirdness & Mutations

You are very small and have problems with some larger weapons.
You are too small for most types of armour.
You have supernaturally acute eyesight. (SInv)
You cover ground extremely quickly. (Speed+++)


Message History

The river rat is moderately wounded.
The river rat barely misses you. The river rat closely misses you.
You riposte.
You hit the river rat.
The river rat is heavily wounded.
The foxfire hits the river rat.
The river rat is lightly wounded.
You barely miss the river rat.
The river rat is heavily wounded.
The river rat misses you.
You closely miss the river rat.
The river rat is heavily wounded.
The river rat misses you.
You riposte.
You barely miss the river rat.
The river rat is heavily wounded.
The river rat completely misses you. The river rat bites you! x2
You hit the river rat.
The river rat is almost dead.
The river rat barely misses you. The river rat completely misses you.
You barely miss the river rat.
The river rat is almost dead.
The river rat misses you. x2; You riposte.
You barely miss the river rat. You hit the river rat.
You kill the river rat!
The river rat misses you. The river rat completely misses you.
The rat barely misses you.
You slash the rat!
You kill the rat!
The river rat barely misses you.
You hit the rat but do no damage. The river rat barely misses you.
The rat closely misses you. The river rat bites you.
You closely miss the rat. The rat bites you.
* * * LOW HITPOINT WARNING * * *
The river rat closely misses you. The rat bites you.
* * * LOW HITPOINT WARNING * * *
You barely miss the rat. The river rat misses you. The rat bites you.
* * * LOW HITPOINT WARNING * * *
You barely miss the rat. The river rat misses you.
You riposte.
You hit the river rat.
The river rat is lightly wounded.
The rat completely misses you. The river rat bites you.
You die...

###
#.#
#.#
#.#
#.#
#r#
#r#
#@#
#r#
#.#
#.#
#.#
#.#
#.#
#≈#


You could see a river rat and 2 rats.

Vanquished Creatures
  Sigmund (D:2)
  Jessica (D:2)
  5 adders
  4 river rats
  5 worms
  A dart slug (D:1)
  5 bats
  A giant cockroach (D:2)
  5 goblins
  5 hobgoblins
  6 jackals (D:1)
  2 quokkas (D:2)
  6 frilled lizards
  2 kobolds
  A leopard gecko skeleton (D:2)
  5 rats
55 creatures vanquished.

Vanquished Creatures (others)
  187 foxfires
187 creatures vanquished.

Grand Total: 242 creatures vanquished

Notes
Turn   | Place    | Note
-------+----------+-------------------------------------------
     0 | D:1      | siradein the Spriggan Fire Elementalist began the quest for
                  | the Orb.
     0 | D:1      | Reached XP level 1. HP: 9/9 MP: 5/5
   351 | D:1      | Reached skill level 3 in Fire Magic
   351 | D:1      | Reached XP level 2. HP: 13/13 MP: 3/6
  1371 | D:2      | Reached XP level 3. HP: 16/16 MP: 5/8
  1540 | D:2      | Noticed Sigmund
  1740 | D:2      | Noticed Jessica
  1757 | D:2      | Killed Jessica
  1758 | D:2      | Reached skill level 4 in Fire Magic
  1758 | D:2      | Reached XP level 4. HP: 21/21 MP: 6/9
  1908 | D:2      | Learned a level 3 spell: Conjure Flame
  3033 | D:2      | Killed Sigmund
  3034 | D:2      | Reached skill level 5 in Fire Magic
  3034 | D:2      | Reached XP level 5. HP: 24/24 MP: 5/10
  3089 | D:3      | Reached XP level 6. HP: 28/28 MP: 5/11
  3284 | D:3      | Found a glowing drain.
  3292 | Sewer    | Entered a sewer
  3306 | Sewer    | Slain by a river rat

Illustrated notes

Levels and vault maps discovered:
D:1:      kilobyte_arrival_exit_the_forest, layout_basic
D:2:      layout_basic, uniq_sigmund, uniq_jessica
D:3:      minmay_general_purpose_star, layout_loops_ring, lemuel_doored_altar,
          marbit_many_paths, lightli_sewer_entry_pipes
Sewer:    sewer_kobolds

Skill      XL: |  1  2  3  4 |
---------------+-------------+-----
Fire Magic     | 3 4 5 |  5.8
Dodging        | |  2.6
Stealth        | |  3.0
Spellcasting   | |  2.6
Conjurations   | |  0.6

Action                   |  1- 3 |  4- 6 || total
-------------------------+-------+-------++-------
Melee: Scimitar          |       |    14 ||    14
 Cast: Foxfire           |    61 |    51 ||   112
  Use: Scroll            |       |     4 ||     4
Dodge: Dodged            |     9 |    25 ||    34
       Rpst.: Scimitar   |       |     5 ||     5

Table legend: (Time is in decaauts)
 A = Elapsed time spent in this place.
 B = Non-inter-level travel time spent in this place.
 C = Inter-level travel time spent in this place.
 D = Time resting spent in this place.
 E = Time spent auto-exploring this place.
 F = Levels seen in this place.
 G = Mean time per level.
                   A        B        C        D        E       F      G
               +--------+--------+--------+--------+--------+-----+--------+
         Total |   2531 |   2477 |     54 |    268 |   1463 |   4 |  632.8 |
       Dungeon |   2512 |   2458 |     54 |    268 |   1463 |   3 |  837.3 |
         Sewer |     18 |     18 |      0 |      0 |      0 |   1 |   18.0 |
               +--------+--------+--------+--------+--------+-----+--------+

Top non-repeatable levels by time:
     D:2: 1338 daAuts
     D:1: 973 daAuts
     D:3: 200 daAuts
   Sewer: 18 daAuts
